Map: Alcyone LE

Players

Bilal

  • Race: Protoss Protoss
  • League: Silver
  • Spawn Location: 7:00

demzi - Winner!

  • Race: Zerg Zerg
  • League: Silver
  • Spawn Location: 1:00

VOD

Have the link to the VOD?

Description

Time

  • Played on: March 21, 2024, 10:17 a.m.
  • Length: 6:20
Show
View Real Time Build Order
Export as new Build Order

Bilal Protoss 

Build Orders: Cannon Rush 

Get SALT Encoding   

  12  0:01  Probe (Chrono Boost)  
  13  0:18  Pylon  
  13  0:21  Probe  
  14  0:34  Probe  
  15  0:38  Forge  
  15  0:46  Probe  
  17  1:06  Pylon  
  16  1:25  Photon Cannon  
  16  1:27  Photon Cannon  
  16  1:28  Photon Cannon  
  16  1:32  Pylon  
  16  1:38  Pylon  
  16  2:05  Photon Cannon  
  16  2:07  Photon Cannon  
  16  2:10  Photon Cannon  
  16  2:39  Nexus  
  16  2:55  Gateway  
  16  3:44  Cybernetics Core  
  16  3:51  Probe (Chrono Boost)  
  17  4:01  Probe (Chrono Boost)  
  18  4:06  Probe (Chrono Boost)  
  18  4:07  Nexus  
  19  4:14  Photon Cannon  
  19  4:17  Photon Cannon  
  19  4:18  Probe  
  19  4:21  Photon Cannon  
  20  4:27  Pylon  
  20  4:30  Probe  
  21  4:54  Assimilator  
  21  4:55  Assimilator  
  21  5:04  Shield Battery  
  21  5:11  Shield Battery  
  21  5:13  Photon Cannon  
  21  5:15  Photon Cannon  
  21  5:18  Photon Cannon  
  21  5:38  Pylon  
  21  5:41  Pylon  
  21  5:44  Pylon  
  20  5:52  Pylon  
  19  6:09  Probe (Chrono Boost)  
Show
View Real Time Build Order
Export as new Build Order

demzi Zerg - Winner!

Build Orders: Hatch First 

Get SALT Encoding   

  12  0:00  Drone  
  13  0:12  Overlord  
  13  0:18  Drone  
  14  0:31  Drone x2  
  16  0:49  Hatchery  
  15  0:51  Drone  
  16  0:57  Drone  
  16  1:04  Drone  
  18  1:07  Extractor  
  17  1:20  Spawning Pool  
  17  1:32  Drone  
  18  1:50  Hatchery  
  18  1:51  Drone x2  
  18  1:52  Drone  
  19  2:09  Zergling x2  
  19  2:10  Spine Crawler  
  19  2:11  Queen, Spine Crawler  
  19  2:12  Spine Crawler  
  19  2:19  Zergling x2  
  20  2:27  Roach Warren  
  19  2:44  Overlord  
  19  2:52  Queen  
  21  3:03  Queen  
  23  3:16  Drone x4  
  23  3:17  Extractor, Drone  
  27  3:21  Overlord  
  27  3:39  Drone x3  
  29  3:49  Drone x3  
  32  4:14  Roach x5  
  42  4:27  Overlord x2  
  42  4:48  Roach x6  
  54  4:59  Roach x2  
  58  5:11  Overlord x2  
  39  5:53  Roach  
  39  5:54  Roach x5  
Tags
 
Add a new tag
Caveats
  • Supply blocks, unpowered buildings, or Contaminate may cause inaccurate times.
  • Supply counts are checked every 10 seconds.